 Dungeon Crawl Stone Soup version 0.29.1-13-g9f3cf754e1 (webtiles) character file.

Game seed: 11971701538187709146

52 Heoruswealwe the Grave Robber (level 3, -3/19 HPs)
             Began as a Deep Elf Necromancer on Feb 9, 2023.
             Blown up by an eye of devastation (16 damage)
             ... with a bolt of energy
             ... created by the all-consuming vengeance of Jiyva
             ... on level 2 of the Dungeon.
             The game lasted 00:16:57 (959 turns).

Heoruswealwe the Grave Robber (Deep Elf Necromancer) Turns: 959, Time: 00:16:57

Health: -3/19      AC:  2    Str:  5      XL:     3   Next: 60%
Magic:  2/10       EV: 12    Int: 21      God:
Gold:   37         SH:  0    Dex: 14 (15) Spells: 5/9 levels left

rFire   . . .      SeeInvis .   n - +4 short sword
rCold   . . .      Faith    .   (no shield)
rNeg    . . .      Spirit   .   a - +0 robe
rPois   +          Reflect  .   (no helmet)
rElec   .          Harm     .   (no cloak)
rCorr   .          Rampage  .   (no gloves)
Will    .....                   (no boots)
Stlth   ++........              (no amulet)
HPRegen 0.06/turn               c - ring of poison resistance
MPRegen 0.12/turn               t - ring of poison resistance

@: very slightly contaminated
A: deterioration 1
a: no special abilities


You were on level 2 of the Dungeon.
You visited 1 branch of the dungeon, and saw 2 of its levels.

You collected 37 gold pieces.

Inventory:

Hand Weapons
 g - a +0 whip
 j - a +0 club
 k - a +0 club
 n - a +4 short sword (weapon)
 o - a +0 club
 q - a +0 club
 r - a +0 short sword
 s - a +0 club
 v - a +0 short sword
 y - a +0 hand axe
Missiles
 m - 25 stones
Armour
 a - a +0 robe (worn)
 f - a +0 leather armour of cold resistance
 i - a +0 scale mail
 w - a +0 scale mail
 z - a +0 leather armour
 B - a +0 ring mail
Magical Staves
 x - a staff of fire
Jewellery
 c - a ring of poison resistance (left hand)
 t - a ring of poison resistance (right hand)
Scrolls
 e - 2 scrolls of fear {unknown}
 h - 2 scrolls of vulnerability {unknown}
 u - a scroll of enchant armour {unknown}
 A - a scroll of amnesia {unknown}
Potions
 b - a potion of magic
 d - a potion of resistance {unknown}
 l - a potion of degeneration {unknown}
 p - a potion of brilliance {unknown}


   Skills:
 + Level 2.4 Dodging
 + Level 2.7 Stealth
 + Level 3.6 Spellcasting
 + Level 6.0 Necromancy


You had 5 spell levels left.
You knew the following spells:

 Your Spells              Type           Power      Damage    Failure   Level
a - Necrotise             Necr           100%       1d9       1%          1
b - Vampiric Draining     Necr           29%        2d8       3%          3

Your spell library contained the following spells:

 Spells                   Type           Power      Damage    Failure   Level
 Animate Dead             Necr           29%        N/A       11%         4
 Agony                    Necr           29%        N/A       28%         5


Dungeon Overview and Level Annotations

Branches:
Dungeon (2/15)

Altars:
Jiyva


Innate Abilities, Weirdness & Mutations

Your body sometimes deteriorates upon taking damage.


Message History

Aiming: Vampiric Draining (quite dangerous; 3% risk of failure)
Press: ? - help, Shift-Dir - straight line, f - adder
Aim: an adder (asleep)
You draw life force from the adder!
The adder bites you.
Your body deteriorates!
You feel clumsy.
You are poisoned.
The adder poisons you! The adder barely misses you.
Casting: Vampiric Draining (quite dangerous; 3% risk of failure)
Confirm with . or Enter, or press ? or * to list all spells.
The spell is quite dangerous to miscast (3% risk of failure)!
Continue anyway?
Aiming: Vampiric Draining (quite dangerous; 3% risk of failure)
Press: ? - help, Shift-Dir - straight line, f/p - adder
Aim: an adder (almost dead)
You draw life force from the adder!
You kill the adder!
You feel life coursing into your body.
You feel sick.
Your Necromancy skill increases to level 6!
You feel sick.
You see here a +0 ring mail.
B - a +0 ring mail You feel sick.
Some slimes ooze up out of the ground!
An eye of devastation and a floating eye come into view.
You feel sick.
Casting: Vampiric Draining (quite dangerous; 3% risk of failure)
Confirm with . or Enter, or press ? or * to list all spells.
The spell is quite dangerous to miscast (3% risk of failure)!
Continue anyway?
Aiming: Vampiric Draining (quite dangerous; 3% risk of failure)
Press: ? - help, Shift-Dir - straight line, f - floating eye
Aim: a floating eye (durably summoned)
You draw life force from the floating eye.
You feel life coursing into your body.
You feel sick.
You are no longer poisoned.
You hit the floating eye.
The floating eye is severely wounded.
You hit the floating eye.
The floating eye is almost dead.
The eye of devastation gazes at you. The bolt of energy hits you!
Ouch! That really hurt!
You die...

#.#..#.##....#
#.#..........#
#.#..#######..#
#.#..# #..
#.##.# #..
#....# #######
#....# #.....#
#.##.# #.....#
#....# #..@..#
.###.. #.GG[.#
.. ##.. #.....#
#.. #..######+
#.# ...


You could see an eye of devastation and a floating eye.

Vanquished Creatures
  2 adders (D:2)
  A dart slug (D:1)
  A ball python (D:1)
  2 bats (D:1)
  2 endoplasms (D:1)
  3 goblins
  5 hobgoblins (D:1)
  3 kobolds
  A quokka (D:1)
  3 rats
23 creatures vanquished.

Vanquished Creatures (collateral kills)
  An endoplasm (D:1)
  A giant cockroach (D:1)
  A goblin (D:1)
  A bat (D:1)
  A kobold (D:1)
  A rat (D:1)
6 creatures vanquished.

Grand Total: 29 creatures vanquished

Notes
Turn   | Place    | Note
-------+----------+-------------------------------------------
     0 | D:1      | Heoruswealwe the Deep Elf Necromancer began the quest for
                  | the Orb.
     0 | D:1      | Reached XP level 1. HP: 10/10 MP: 6/6
    99 | D:1      | Reached skill level 5 in Necromancy
   278 | D:1      | Reached XP level 2. HP: 15/15 MP: 1/8
   581 | D:1      | Found a faded altar of an unknown god.
   587 | D:1      | Reached XP level 3. HP: 17/19 MP: 6/9
   630 | D:1      | Prayed at the altar of an unknown god.
   630 | D:1      | Became a worshipper of Jiyva Jeelepp the Shapeless
   630 | D:1      | Reached * piety under Jiyva
   632 | D:1      | Fell from the grace of Jiyva
   760 | D:2      | Learned a level 3 spell: Vampiric Draining
   908 | D:1      | Gained mutation: Your body sometimes deteriorates upon
                  | taking damage. [mutagenic glow]
   954 | D:2      | Reached skill level 6 in Necromancy
   956 | D:2      | Noticed an eye of devastation
   956 | D:2      | Noticed a floating eye
   959 | D:2      | Blown up by an eye of devastation

Illustrated notes

Levels and vault maps discovered:
D:1:      amcnicky_arrival_blooded_trapdoor, layout_rooms,
          chequers_ecumenical_altar_simple
D:2:      layout_basic, minmay_3d_cube

Skill      XL: |  1  2  3 |
---------------+----------+-----
Necromancy     | 5 6 |  6.0
Dodging        | |  2.4
Stealth        | |  2.7
Spellcasting   | |  3.6

Action                   || total
-------------------------++-------
Melee: Short sword       ||     2
 Cast: Necrotise         ||    36
       Vampiric Draining ||     4
Invok: Renounce Religion ||     1
Armor: Robe              ||     1
Dodge: Dodged            ||     8
